 Dungeon Crawl Stone Soup version 0.28-a0-21-gf74fda84f9 (webtiles) character file.

Game seed: 14800355270524708883

658 Rohain the Magician (level 7, -1/45 HPs)
             Began as a Djinni Fire Elementalist on July 26, 2021.
             Slain by an ogre (8 damage)
             ... on level 5 of the Dungeon.
             The game lasted 00:06:30 (6648 turns).

Rohain the Magician (Djinni Fire Elementalist)      Turns: 6648, Time: 00:06:31

Health: -1/45      AC:  5    Str:  7    XL:     7   Next: 85%
Gold:   129        EV:  6    Int: 18    God:
                   SH:  0    Dex: 14

rFire   + + .      SeeInvis .   c - +0 dagger (venom)
rCold   x . .      Faith    .   (no shield)
rNeg    . . .      Spirit   .   r - +0 leather armour {Will+}
rPois   ∞          Reflect  .   d - +0 helmet
rElec   .          Harm     .   (no cloak)
rCorr   .          Rampage  .   h - +0 pair of gloves
Will    +....                   (boots unavailable)
Stlth   ++........              (no amulet)
HPRegen 0.15/turn               (no ring)
MPRegen 0.00/turn               (no ring)

@: flying, held
A: sickness immunity, fire resistance 2, cold vulnerability 1, float, innate
caster, hp casting, extra vitality 1
a: no special abilities


You were on level 5 of the Dungeon.
You visited 1 branch of the dungeon, and saw 5 of its levels.

You collected 219 gold pieces.
You spent 90 gold pieces at shops.

Inventory:

Hand Weapons
 c - a +0 dagger of venom (weapon)
Armour
 a - a +0 robe
 d - a +0 helmet (worn)
 h - a +0 pair of gloves (worn)
 r - a +0 leather armour of willpower (worn)
Jewellery
 u - a ring of magical power
 v - a +4 ring of protection
Wands
 o - a wand of iceblast (6)
 p - a wand of digging (3)
 t - a wand of polymorph (8)
Scrolls
 b - 3 scrolls of teleportation
 i - a scroll of immolation {unknown}
 n - 2 scrolls of identify
 q - a scroll of fear {unknown}
 s - a scroll of vulnerability {unknown}
Potions
 e - a potion of lignification {unknown}
 f - 4 potions of degeneration
 g - a potion of heal wounds {unknown}
 j - 2 potions of attraction {unknown}
 k - 3 potions of brilliance {unknown}
 l - 2 potions of haste
 m - 2 potions of curing


   Skills:
 - Level 2.1 Dodging
 - Level 1.5 Stealth
 * Level 6.6 Spellcasting


You couldn't memorise any spells.
You knew the following spells:

 Your Spells              Type           Power      Damage    Failure   Level
a - Foxfire               Conj/Fire      100%       2x1d9     1%          1
b - Conjure Flame         Conj/Fire      29%        6-21      3%          3
c - Inner Flame           Hex/Fire       29%        N/A       3%          3
d - Sticky Flame          Conj/Fire      29%        2d5       11%         4
e - Fireball              Conj/Fire      14%        3d8       30%         5
f - Corona                Hex            32%        N/A       1%          1
g - Ensorcelled Hibernat  Hex/Ice        58%        N/A       1%          2
h - Lesser Beckoning      Tloc           14%        N/A       3%          3
Your spell library was empty.

Dungeon Overview and Level Annotations

Branches:
Dungeon (5/15)
 Temple: D:4-7

Altars:
Nemelex Xobeh
Okawaru
Yredelemnul
Zin


Innate Abilities, Weirdness & Mutations

You are immune to sickness and miasma.
You are immune to poison.
Your flesh is very heat resistant. (rF++)
You are vulnerable to cold. (rC-)
You float through the air rather than walking.
You learn spells naturally, not from books.
Your magical power is your life essence.
You have superior vitality. (+4 HP)


Message History

You conjure some foxfire!
You conjure some foxfire!
The foxfire hits the gnoll!
Flame seeps out of the gnoll.
The gnoll is severely wounded.
You conjure some foxfire!
The foxfire hits the gnoll.
The gnoll explodes!
The fiery explosion engulfs your foxfire.
Your foxfire completely resists.
The foxfire hits the ogre.
The ogre is lightly wounded.
The foxfire hits the ogre!
The ogre is moderately wounded.
You conjure some foxfire!
The foxfire hits the ogre.
The ogre is moderately wounded.
The foxfire hits the gnoll.
The gnoll is moderately wounded.
Casting: Foxfire (safe; 1% risk of failure)
Confirm with . or Enter, or press ? or * to list all spells.
Aiming: Ensorcelled Hibernation (safe; 1% risk of failure)
Press: ? - help, Shift-Dir - straight line, f - ogre
Aim: an ogre, wielding a +0 giant club (moderately wounded, ally target, chance to affect: 58%)
The ogre looks drowsy...
The foxfire hits the ogre.
The ogre is heavily wounded.
The ogre shouts!
The foxfire hits the ogre.
The ogre is severely wounded.
The gnoll barely misses you.
The ogre hits you with a +0 giant club!!
Ouch! That really hurt!
* * * LOW HITPOINT WARNING * * *
Casting: Ensorcelled Hibernation (safe; 1% risk of failure)
Confirm with . or Enter, or press ? or * to list all spells.
You don't have enough health to cast this spell.
Okay, then.
Okay, then.
You feel better.
The gnoll hits you from afar with a +0 spear.
* * * LOW HITPOINT WARNING * * *
The ogre hits you with a +0 giant club!
You die...

#.....#.##.... ..#
#####.# #....
#..#########.## .....
#......##.....###....
#..........##........ #
#....................
...#.....#.....####..##.
.....§§......#..###.....
.$§○§).@...####.....##.#
..§)§#§O#### #####.##..
..§§§g.########## #.####
......####......###.. #
...... .........##...###
......####......##.#.>..
..........##...###.#####
................##.#
................#.# #


You could see an ogre and a gnoll.

Vanquished Creatures
  A necrophage (D:4)
  A scorpion (D:5)
  A water moccasin skeleton (D:5)
  A howler monkey (D:4)
  A hound (D:5)
  2 iguanas
  An orc wizard (D:5)
  A killer bee zombie (D:4)
  A hound zombie (D:5)
  A hound skeleton (D:4)
  Robin (D:2)
  3 gnolls (D:5)
  13 adders
  An ufetubus (D:5)
  2 worms
  5 dart slugs (D:1)
  5 orcs
  3 bats
  6 endoplasms
  3 giant cockroaches
  16 goblins
  7 hobgoblins
  5 kobolds
  5 quokkas
  7 ball pythons
  4 frilled lizards
  7 rats
104 creatures vanquished.

Vanquished Creatures (others)
  584 foxfires
584 creatures vanquished.

Grand Total: 688 creatures vanquished

Notes
Turn   | Place    | Note
-------+----------+-------------------------------------------
     0 | D:1      | Rohain the Djinni Fire Elementalist began the quest for the
                  | Orb.
     0 | D:1      | Reached XP level 1. HP: 15/15 MP: 0/0
   218 | D:1      | Found a faded altar of an unknown god.
   233 | D:1      | Reached XP level 2. HP: 6/21 MP: 0/0
   611 | D:1      | Reached skill level 3 in Spellcasting
   828 | D:1      | Reached XP level 3. HP: 22/25 MP: 0/0
   828 | D:1      | Learned a level 1 spell: Corona
  2095 | D:2      | Noticed Robin
  2098 | D:2      | Reached XP level 4. HP: 16/31 MP: 0/0
  2106 | D:2      | Killed Robin
  2832 | D:2      | Reached skill level 4 in Spellcasting
  2924 | D:2      | Reached XP level 5. HP: 32/35 MP: 0/0
  2924 | D:2      | Learned a level 2 spell: Ensorcelled Hibernation
  3566 | D:3      | Found a basalt altar of Yredelemnul.
  3663 | D:3      | Found an iron altar of Okawaru.
  4664 | D:4      | Found Zin's Purification Station.
  4671 | D:4      | Reached XP level 6. HP: 36/40 MP: 0/0
  4673 | D:4      | Noticed a necrophage
  4679 | D:4      | Killed a necrophage
  4680 | D:4      | Reached skill level 5 in Spellcasting
  4842 | D:4      | Found a glowing silver altar of Zin.
  4849 | D:4      | Bought a potion of curing for 90 gold pieces
  5434 | D:4      | Reached XP level 7. HP: 32/45 MP: 0/0
  5434 | D:4      | Learned a level 3 spell: Lesser Beckoning
  5744 | D:5      | Entered Level 5 of the Dungeon
  6121 | D:5      | Found a sparkling altar of Nemelex Xobeh.
  6185 | D:5      | Reached skill level 6 in Spellcasting
  6647 | D:5      | HP: 2/45 [ogre (28)]
  6648 | D:5      | Slain by an ogre

Illustrated notes

Levels and vault maps discovered:
D:1:      psy_arrival_radial01, layout_rooms, hellmonk_ecumenical_altar_lost_god
D:2:      layout_basic, minmay_snake_closets, uniq_robin
D:3:      layout_basic, okawaru_trees_2, mainiacjoe_overflow_small_starburst,
          chequers_serial_rivers_room_b
D:4:      layout_basic, zin_purify
D:5:      layout_rooms, mainiacjoe_overflow_chevrons, hellmonk_bongcloud_opening

Skill      XL: |  1  2  3  4  5  6  7 |
---------------+----------------------+-----
Spellcasting   | 3 4 5 6 |  6.6
Dodging        | |  2.1
Stealth        | |  1.5

Action                   |  1- 3 |  4- 6 |  7- 9 || total
-------------------------+-------+-------+-------++-------
Melee: Dagger            |       |     1 |       ||     1
 Cast: Foxfire           |   105 |   173 |    71 ||   349
       Ensorcelled Hiber |       |     1 |     1 ||     2
       Inner Flame       |       |     1 |     3 ||     4
  Use: Scroll            |     3 |       |       ||     3
       Potion            |       |       |     1 ||     1
Armor: Robe              |     4 |     3 |     7 ||    14
Dodge: Dodged            |     2 |    17 |    20 ||    39

Table legend: (Time is in decaauts)
 A = Elapsed time spent in this place.
 B = Non-inter-level travel time spent in this place.
 C = Inter-level travel time spent in this place.
 D = Time resting spent in this place.
 E = Time spent auto-exploring this place.
 F = Levels seen in this place.
 G = Mean time per level.
                   A        B        C        D        E       F      G
               +--------+--------+--------+--------+--------+-----+--------+
         Total |   6649 |   6472 |    177 |    696 |   5124 |   5 | 1329.8 |
       Dungeon |   6649 |   6472 |    177 |    696 |   5124 |   5 | 1329.8 |
               +--------+--------+--------+--------+--------+-----+--------+

Top non-repeatable levels by time:
     D:2: 1819 daAuts
     D:1: 1712 daAuts
     D:4: 1679 daAuts
     D:3: 897 daAuts
     D:5: 540 daAuts
